Map: Site Delta LE

Players

DRG - Winner!

  • Race: Zerg Zerg
  • Spawn Location: 5:00

GuMiho

  • Race: Terran Terran
  • Spawn Location: 11:00

VOD

Have the link to the VOD?

Description

Time

  • Played on: Dec. 27, 2023, 6:32 a.m.
  • Length: 13:15
Show
View Real Time Build Order
Export as new Build Order

DRG Zerg - Winner!

Build Orders: Hatch First 

Get SALT Encoding   

  12  0:00  Drone  
  13  0:12  Overlord  
  13  0:17  Drone  
  14  0:30  Drone x2  
  16  0:47  Hatchery  
  15  0:50  Drone  
  15  0:54  Drone  
  17  0:57  Drone  
  18  1:09  Extractor  
  17  1:13  Spawning Pool  
  17  1:15  Drone  
  17  1:18  Drone  
  18  1:27  Drone  
  19  1:38  Drone  
  20  1:48  Drone  
  21  2:00  Zergling x4, Queen x2  
  27  2:10  Overlord  
  27  2:11  Zergling x2  
  27  2:12  Metabolic Boost  
  28  2:30  Hatchery  
  28  2:32  Drone  
  28  2:33  Drone  
  28  2:35  Drone  
  29  2:43  Queen  
  31  2:47  Overlord  
  31  2:50  Drone  
  32  2:53  Drone  
  32  2:56  Drone  
  32  2:57  Drone  
  35  3:04  Overlord  
  35  3:08  Drone x3  
  35  3:11  Drone  
  39  3:14  Drone  
  39  3:18  Queen  
  42  3:23  Drone  
  42  3:27  Drone  
  44  3:30  Zergling x2  
  45  3:36  Zergling x2  
  45  3:40  Zergling x6  
  49  3:43  Queen  
  49  3:44  Overlord  
  51  3:48  Overlord  
  51  3:51  Drone x4  
  53  3:57  Queen  
  53  4:01  Drone  
  56  4:03  Overlord  
  56  4:04  Drone x2  
  56  4:09  Drone  
  59  4:12  Drone x2  
  59  4:13  Drone  
  59  4:16  Drone x2  
  64  4:19  Queen  
  64  4:25  Drone  
  64  4:27  Drone  
  64  4:28  Drone x4  
  70  4:32  Drone  
  70  4:36  Queen  
  73  4:39  Drone  
  73  4:40  Drone  
  73  4:41  Extractor  
  73  4:42  Evolution Chamber x2  
  73  4:44  Drone  
  73  4:46  Drone  
  73  4:48  Drone  
  73  4:50  Drone  
  73  4:52  Drone  
  77  4:53  Drone  
  77  4:54  Drone  
  77  4:58  Overlord  
  77  4:59  Drone  
  80  5:01  Queen  
  80  5:05  Overlord  
  82  5:09  Zerg Ground Armor Level 1  
  82  5:10  Overlord  
  82  5:14  Overlord  
  82  5:19  Zerg Melee Weapons Level 1  
  84  5:21  Drone x4  
  84  5:24  Hatchery  
  84  5:25  Drone  
  86  5:28  Zergling x2  
  86  5:31  Overlord  
  86  5:32  Zergling x6  
  86  5:34  Overlord  
  90  5:36  Zergling x8  
  90  5:39  Lair  
  90  5:40  Extractor x2  
  92  5:44  Zergling x2  
  92  5:46  Overlord  
  92  5:49  Zergling x4  
  95  5:52  Overlord  
  95  5:54  Zergling x4  
  97  5:57  Baneling Nest  
  97  5:58  Zergling x2  
  97  6:00  Overlord  
  97  6:07  Drone x5  
  97  6:09  Drone  
  103  6:11  Drone x2  
  103  6:12  Hatchery  
  103  6:13  Drone  
  104  6:21  Drone x3  
  104  6:24  Extractor  
  106  6:27  Zergling x2  
  106  6:29  Zergling x6  
  108  6:37  Zergling x14  
  108  6:38  Overlord  
  115  6:41  Centrifugal Hooks, Baneling x2  
  115  6:42  Baneling x9, Zergling x2  
  115  6:45  Zergling x6  
  119  6:47  Zergling x2  
  120  6:56  Drone x5  
  120  7:00  Overlord  
  125  7:01  Drone  
  125  7:02  Drone x3  
  129  7:08  Zergling x10  
  129  7:10  Overlord  
  129  7:12  Zerg Ground Armor Level 2  
  129  7:13  Zerg Melee Weapons Level 2  
  134  7:18  Drone x2, Zergling x6  
  134  7:21  Hydralisk Den  
  134  7:22  Zergling x4  
  140  7:25  Zergling x10  
  144  7:30  Zergling x2  
  144  7:31  Zergling x8  
  144  7:32  Hatchery  
  148  7:38  Baneling x12  
  148  7:39  Zergling x8  
  148  7:41  Queen  
  154  7:44  Zergling x6  
  154  7:49  Zergling x8  
  154  7:50  Baneling x6  
  161  7:53  Zergling x2  
  161  7:54  Zergling x6  
  161  7:58  Zergling x8  
  167  8:04  Zergling x2  
  167  8:05  Zergling x14  
  165  8:08  Zergling x4  
  146  8:13  Zergling x6  
  146  8:17  Zergling x4  
  135  8:20  Zergling x6  
  135  8:22  Zergling x4  
  135  8:26  Zergling x4  
  134  8:28  Zergling x2  
  134  8:31  Zergling x8  
  137  8:37  Zergling x8  
  137  8:39  Grooved Spines  
  136  8:43  Spore Crawler  
  136  8:47  Baneling x7  
  135  8:51  Overseer  
  135  8:52  Pneumatized Carapace  
  134  9:00  Hydralisk x4  
  134  9:02  Baneling  
  138  9:08  Zergling x18  
  139  9:13  Zergling x12  
  139  9:14  Hatchery  
  144  9:17  Baneling x6  
  144  9:23  Drone x3  
  148  9:24  Drone x2  
  148  9:26  Zergling x12  
  148  9:28  Baneling x4  
  148  9:29  Muscular Augments  
  154  9:32  Baneling x2  
  154  9:37  Zergling x18  
  134  9:40  Hydralisk x2  
  134  9:44  Zergling x4  
  135  9:45  Overseer  
  135  9:52  Zergling x8  
  139  9:53  Baneling x2, Spore Crawler  
  139  9:56  Zergling x6  
  139  9:57  Zergling x4  
  143  10:04  Zerg Missile Weapons Level 1  
  143  10:05  Zergling x6  
  143  10:06  Zergling x8  
  149  10:08  Baneling x3  
  145  10:18  Zergling x12  
  131  10:21  Hydralisk x2  
  132  10:29  Drone x8  
  132  10:31  Zergling x2  
  132  10:32  Zergling x2  
  132  10:33  Baneling x5  
  141  10:37  Zergling x6  
  141  10:38  Baneling x3  
  141  10:42  Zergling x6  
  147  10:47  Zergling x4  
  147  10:48  Baneling x4  
  149  10:51  Zergling x8  
  146  10:58  Zergling x4  
  146  11:01  Hydralisk x2  
  146  11:03  Zergling x10  
  143  11:07  Overseer  
  143  11:09  Zergling x6  
  145  11:12  Zergling x12  
  149  11:23  Hydralisk x4  
  149  11:24  Zergling x4  
  146  11:27  Baneling x2  
  146  11:29  Zergling x8  
  147  11:32  Baneling x2  
  147  11:34  Zergling x8  
  147  11:38  Baneling x2  
  151  11:41  Drone  
  151  11:42  Drone x5  
  151  11:43  Extractor  
  151  11:44  Extractor x2  
  151  11:46  Zergling x8  
  158  11:47  Baneling x4  
  158  11:50  Hatchery, Zergling x6  
  158  11:51  Zergling x6  
  161  11:58  Zergling x2  
  161  11:59  Zergling x8  
  162  12:04  Hatchery  
  162  12:07  Zergling x6  
  162  12:12  Zergling x16  
  167  12:16  Infestation Pit  
  167  12:17  Spore Crawler, Drone x2  
  167  12:18  Drone x2  
  167  12:19  Overlord x2  
  167  12:21  Baneling x9  
  170  12:22  Zergling x2  
  170  12:23  Zergling x10  
  164  12:30  Zergling x2  
  164  12:34  Zergling x10  
  164  12:36  Baneling x10  
  154  12:40  Zergling x2  
  154  12:42  Zergling x6  
  152  12:46  Zergling x8  
  152  12:50  Zergling x6  
Show
View Real Time Build Order
Export as new Build Order

GuMiho Terran 

Build Orders: Reaper Expand 

Get SALT Encoding   

  12  0:00  SCV  
  13  0:12  SCV  
  14  0:17  Supply Depot  
  14  0:24  SCV  
  15  0:38  SCV  
  15  0:39  Barracks  
  16  0:42  Refinery  
  16  0:50  SCV  
  17  1:02  SCV  
  18  1:15  SCV  
  19  1:26  Reaper  
  19  1:27  Orbital Command  
  20  1:38  Command Center  
  20  1:45  Supply Depot  
  20  1:53  SCV  
  21  1:58  Marine  
  22  2:05  SCV  
  23  2:09  Factory  
  23  2:17  SCV  
  23  2:19  Barracks Reactor  
  24  2:29  SCV  
  25  2:39  Command Center  
  25  2:41  SCV  
  26  2:50  Orbital Command  
  26  2:53  SCV  
  27  3:02  Barracks Tech Lab, Hellion x2  
  31  3:06  SCV  
  32  3:17  SCV  
  32  3:18  SCV  
  34  3:20  Marine, Stimpack  
  34  3:24  Hellion x2  
  39  3:29  SCV  
  39  3:30  SCV, Refinery  
  41  3:38  Marine  
  42  3:41  SCV  
  42  3:42  SCV  
  41  3:53  Orbital Command, SCV  
  41  3:56  Marine  
  41  3:57  Barracks  
  41  3:58  Starport  
  41  3:59  SCV  
  43  4:03  Factory Reactor  
  43  4:05  SCV  
  44  4:11  SCV  
  44  4:13  Supply Depot, Marine  
  46  4:17  SCV  
  46  4:19  SCV  
  46  4:23  SCV  
  49  4:29  SCV  
  49  4:30  Engineering Bay  
  49  4:31  SCV, Marine, Engineering Bay  
  49  4:35  SCV  
  49  4:37  Refinery  
  52  4:40  Barracks  
  52  4:41  Supply Depot  
  52  4:42  SCV  
  53  4:46  Medivac  
  53  4:47  Medivac  
  53  4:48  Marine x2  
  53  4:49  Marine  
  53  4:51  SCV  
  61  4:54  Orbital Command, SCV  
  62  5:00  Terran Infantry Weapons Level 1  
  62  5:03  SCV  
  62  5:06  SCV, Marine x2  
  66  5:07  Marine  
  66  5:11  Supply Depot  
  66  5:12  Supply Depot, Refinery  
  66  5:14  Terran Infantry Armor Level 1  
  67  5:15  SCV  
  67  5:18  SCV  
  69  5:23  SCV  
  69  5:25  Marine x2, Barracks x2  
  69  5:27  SCV  
  73  5:29  Combat Shield  
  73  5:33  Starport Reactor  
  73  5:35  SCV x2  
  74  5:39  SCV, Marine, Factory Reactor  
  74  5:41  Supply Depot  
  74  5:42  Marine x2  
  79  5:47  Marine x2  
  81  5:52  Supply Depot, SCV x2  
  81  5:53  SCV  
  84  5:57  Armory  
  84  6:02  Supply Depot x2, Marine x2  
  86  6:07  Marine  
  86  6:08  Marine x2  
  86  6:10  SCV x2  
  91  6:15  SCV  
  91  6:17  Barracks Reactor x2  
  92  6:20  Marine  
  92  6:24  Supply Depot, SCV x2  
  95  6:26  Supply Depot  
  95  6:27  SCV  
  95  6:30  Medivac x2  
  95  6:32  Marine x4  
  104  6:33  Widow Mine  
  104  6:36  SCV  
  104  6:38  Supply Depot  
  104  6:39  SCV x2  
  109  6:48  SCV  
  109  6:50  Marine x2  
  109  6:51  Marine x2  
  109  6:52  Marine x2  
  118  6:54  Terran Infantry Weapons Level 2  
  118  6:57  Widow Mine x2  
  122  7:03  Supply Depot  
  122  7:05  Supply Depot  
  120  7:10  Terran Infantry Armor Level 2  
  119  7:16  Marine  
  119  7:17  Marine x8  
  119  7:20  Widow Mine x2  
  132  7:26  Barracks x2  
  132  7:27  Barracks  
  132  7:28  Supply Depot  
  132  7:30  Supply Depot  
  132  7:34  Marine  
  132  7:35  Marine x6  
  132  7:36  Marine  
  140  7:39  Marine, Medivac  
  140  7:40  Medivac  
  145  7:47  Widow Mine x2  
  149  7:52  Marine x3  
  149  7:54  Marine x2  
  149  7:55  Marine x2  
  149  7:57  Marine x2  
  137  8:10  Marine x3  
  137  8:12  Marine x2  
  121  8:13  Marine x2  
  121  8:15  Orbital Command, Marine x2  
  121  8:16  Marine x2  
  121  8:19  Marine  
  113  8:28  Marine x3  
  113  8:29  Marine  
  113  8:30  Marine  
  113  8:31  Marine x2  
  113  8:33  Marine x2  
  113  8:34  Marine x2  
  120  8:37  SCV, Marine  
  120  8:40  SCV x2  
  126  8:46  Marine x3, Widow Mine  
  126  8:47  Marine x2  
  133  8:49  Marine x2, Widow Mine  
  133  8:51  Marine x2  
  133  8:52  SCV  
  140  8:58  Marine x2  
  140  9:00  Marine  
  142  9:03  Marine  
  142  9:04  SCV, Marine x2  
  142  9:05  Marine x2  
  142  9:07  Marine x2  
  149  9:15  Supply Depot  
  149  9:17  Supply Depot x2  
  149  9:19  Terran Infantry Weapons Level 3  
  149  9:23  SCV  
  148  9:26  Barracks Tech Lab x3, Marauder  
  149  9:31  Terran Infantry Armor Level 3  
  127  9:45  Marauder x2  
  124  9:47  Marine, Marauder x2  
  124  9:48  Marine x7  
  124  9:51  Widow Mine  
  136  9:53  Widow Mine  
  136  10:02  Supply Depot  
  136  10:05  Marine  
  136  10:06  Marauder x2  
  141  10:08  Concussive Shells  
  141  10:10  Marine, Marauder x2  
  136  10:20  Marine x3  
  115  10:21  Marine  
  115  10:28  Marauder x2  
  118  10:31  Marauder x2  
  118  10:33  Marine  
  123  10:37  Widow Mine x2  
  127  10:43  Medivac x2  
  127  10:48  Marine  
  127  10:49  Marine x2, Marauder x2  
  138  10:52  Marauder  
  138  10:53  Marine x2  
  107  11:04  Marauder  
  107  11:07  Marine x4  
  107  11:08  Marine  
  107  11:10  Marauder  
  107  11:11  Marauder  
  117  11:16  Marine x2, Marauder  
  117  11:17  Marine  
  118  11:25  Widow Mine x2, Medivac  
  113  11:26  Marauder  
  113  11:31  Marine x2  
  113  11:32  Marauder  
  119  11:33  Marine x2  
  119  11:36  Marine x2  
  119  11:39  Marine x2  
  123  11:40  Marine  
  123  11:42  Marine  
  127  11:47  Marauder  
  127  11:49  Marine x2  
  127  11:51  Marine  
  127  11:52  Marine  
  127  11:53  Marauder  
  135  11:54  Marine  
  130  12:07  Marine  
  130  12:08  Marauder  
  130  12:09  Marine x2  
  130  12:11  Marine x4  
  130  12:15  Widow Mine x2  
  140  12:17  Medivac x2  
  140  12:18  Marine x3  
  147  12:23  Marauder  
  147  12:25  Marine  
  137  12:33  Marauder  
  137  12:35  Marine x2  
  137  12:36  Marauder x2  
  128  12:41  Marine x4  
  132  12:45  Marauder  
  132  12:47  Marine  
Tags
 
Add a new tag
Caveats
  • Supply blocks, unpowered buildings, or Contaminate may cause inaccurate times.
  • Supply counts are checked every 10 seconds.